 Dungeon Crawl Stone Soup version 0.31.0-12-g77e489cdc1 (webtiles) character file.

Game seed: 6532905504251101435

59 ChrisAssaf the Sneak (level 4, -1/33 HPs)
             Began as a Human Brigand on Feb 28, 2024.
             Was a Follower of Okawaru.
             Slain by Grinder (7 damage)
             ... on level 3 of the Dungeon.
             The game lasted 00:04:51 (1089 turns).

ChrisAssaf the Sneak (Human Brigand)                Turns: 1089, Time: 00:04:52

Health: -1/33      AC:  3    Str: 18    XL:     4   Next: 3%
Magic:  3/4        EV: 12    Int: 17    God:    Okawaru [*.....]
Gold:   71         SH:  5    Dex: 16    Spells: 1/3 levels left

rFire   . . .        a - +4 dagger
rCold   . . .        (no shield)
rNeg    . . .        b - +0 robe
rPois   .            (no helmet)
rElec   .            c - +0 cloak
rCorr   .            (no gloves)
SInv    .            (no boots)
Will    .....        o - amulet of reflection
Stlth   +++          g - +6 ring of strength
HPRegen 0.25/turn    m - +6 ring of intelligence
MPRegen 0.09/turn

%: reflection
@: no status effects
A: explore regen
a: Renounce Religion, Heroism


You were on level 3 of the Dungeon.
You worshipped Okawaru.
Okawaru was aware of your devotion.
You visited 1 branch of the dungeon, and saw 3 of its levels.

You collected 71 gold pieces.

Inventory:

Hand Weapons
 a - a +4 dagger (weapon)
Missiles
 d - 8 poisoned darts (quivered)
 e - 3 curare-tipped darts
Armour
 b - a +0 robe (worn)
 c - a +0 cloak (worn)
Jewellery
 g - a +6 ring of strength (left hand)
 k - a +6 ring of dexterity
 m - a +6 ring of intelligence (right hand)
 o - an amulet of reflection (around neck)
Talismans
 h - a flux talisman
Scrolls
 f - a scroll of poison
 i - 2 scrolls of teleportation
 j - a scroll of butterflies
 n - 3 scrolls of vulnerability
Potions
 l - a potion of curing {unknown}
 p - a potion of brilliance {unknown}


   Skills:
 * Level 2.2 Fighting
 * Level 2.1(2.2) Short Blades
 * Level 0.6(1.5) Long Blades
 * Level 2.2 Throwing
 * Level 0.6 Armour
 * Level 1.1 Dodging
 * Level 4.7 Stealth
 * Level 0.4 Spellcasting
 * Level 0.1 Conjurations
 * Level 0.1 Invocations
 * Level 0.4 Shapeshifting


You had one spell level left.
You knew the following spells:

 Your Spells              Type           Power      Damage    Failure   Level
a - Searing Ray           Conj           0%         2d4       32%         2

Your spell library contained the following spells:

 Spells                   Type           Power      Damage    Failure   Level
 Magic Dart               Conj           0%         1d3       22%         1
 Fulminant Prism          Conj/Alch      0%         3d5       91%         4


Dungeon Overview and Level Annotations

Branches:
Dungeon (3/15)

Altars:
Elyvilon
Okawaru

Annotations:
D:3 Grinder


Innate Abilities, Weirdness & Mutations

You regain HP and MP as you explore.


Message History

Grinder completely misses you.
You closely miss Grinder.
Grinder is lightly wounded.
You hit Grinder.
Grinder is moderately wounded.
Grinder barely misses you.
You closely miss Grinder.
Grinder is moderately wounded.
You closely miss Grinder.
Grinder is moderately wounded.
Grinder barely misses you.
You hit Grinder.
Grinder is heavily wounded.
Grinder says, "Tell me all your secrets, or I'll kill you."
Grinder hits you but does no damage.
You hit Grinder.
Grinder is heavily wounded.
You hit Grinder.
Grinder is severely wounded.
You block Grinder's attack.
You hit Grinder.
Grinder is severely wounded.
Grinder hits you.
You writhe in agony.
You hit Grinder.
Grinder is severely wounded.
You hit Grinder but do no damage.
Grinder is severely wounded.
You feel like a meek peon again. Grinder gestures at you.
Pain shoots through your body!
You hit Grinder but do no damage.
Grinder is severely wounded.
Grinder gestures at you. Pain shoots through your body!
* * * LOW HITPOINT WARNING * * *
You barely miss Grinder.
Grinder is severely wounded.
Grinder hits you!
You die...
Grinder says, "Now the real fun starts!"

†.##.....##.............
..#..............#......
†.#.#'###.......##...... .##...
....#.###............... .......
.>............?..................
....#................# #........
....#.......<#..†...## #.......
....'........##.†...# #......#
#.###........#..@...# #.....##
#.# ....##.....5...## ##......#
+.. .## #..........####........
#.#. ........................
.### ####...................†. ##
#....##..........##... #
#.....#..........#.... ##
#..##................. .#
#..........#..........


You could see Grinder.

Vanquished Creatures
  3 adders
  2 dart slugs
  2 orcs (D:3)
  2 ball pythons
  4 endoplasms
  A goblin (D:3)
  3 hobgoblins
  A quokka (D:3)
  4 bats
  A kobold (D:1)
  3 rats
26 creatures vanquished.

Notes
Turn   | Place    | Note
-------+----------+-------------------------------------------
     0 | D:1      | ChrisAssaf the Human Brigand began the quest for the Orb.
     0 | D:1      | Reached XP level 1. HP: 16/16 MP: 1/1
   347 | D:1      | Reached XP level 2. HP: 22/22 MP: 2/2
   603 | D:2      | Reached XP level 3. HP: 20/27 MP: 3/3
   606 | D:2      | Learned a level 2 spell: Searing Ray
   671 | D:3      | Found a faded altar of an unknown god.
   680 | D:3      | Prayed at the altar of an unknown god.
   680 | D:3      | Became a worshipper of Warmaster Okawaru
   680 | D:3      | Reached * piety under Okawaru
   763 | D:3      | Found a white marble altar of Elyvilon.
  1056 | D:3      | Noticed Grinder
  1069 | D:3      | Reached XP level 4. HP: 33/33 MP: 4/4
  1089 | D:3      | Slain by Grinder

Illustrated notes

Levels and vault maps discovered:
D:1:      minmay_arrival_open_corners, layout_loops_ring
D:2:      layout_basic, serial_corexii_hall, corexii_hall_statues_i,
          chequers_hall_statues_wall_a, chequers_hall_statues_wall_a
D:3:      layout_basic, lemuel_crystal_altar, fedhas_altar_4,
          shapermc_ecumenical_altar_mp_ritualfount, minmay_misc_feat_diagonals,
          kennysheep_decorative_pillar, uniq_grinder

Action                     |  1- 3 |  4- 6 || total
---------------------------+-------+-------++-------
  Melee: Dagger            |    47 |    16 ||    63
  Throw: Dart              |    11 |       ||    11
   Cast: Searing Ray       |     1 |       ||     1
 Invoke: Heroism           |       |     1 ||     1
    Use: Scroll            |     6 |       ||     6
   Stab: Sleeping          |     6 |       ||     6
         Distracted        |     1 |       ||     1
 Armour: Robe              |    17 |     4 ||    21
  Dodge: Dodged            |    29 |     3 ||    32
  Block: Other             |     2 |     1 ||     3
